Map: Romanticide LE

Players

Lambo

  • Race: Zerg Zerg

MarineLorD - Winner!

  • Race: Terran Terran
  • League: Master

Event: DreamHack SC2 Masters 2021 Fall

VOD

Have the link to the VOD?

Description

Time

  • Played on: Aug. 4, 2021, 1:42 p.m.
  • Length: 3:06

All games in this series

Show
View Real Time Build Order
Export as new Build Order

Lambo Zerg 

Build Orders: Hatch First 

Get SALT Encoding   

  12  0:00  Drone  
  13  0:13  Overlord  
  13  0:18  Drone  
  14  0:32  Drone x2  
  16  0:48  Hatchery  
  15  0:51  Drone  
  15  0:55  Drone  
  17  0:57  Drone  
  18  1:09  Extractor  
  17  1:13  Spawning Pool  
  17  1:16  Drone  
  17  1:19  Drone  
  18  1:29  Drone  
  19  1:39  Drone  
  20  2:00  Queen, Zergling x2  
  25  2:02  Zergling x2  
  25  2:03  Zergling x2  
  25  2:13  Overlord  
Show
View Real Time Build Order
Export as new Build Order

MarineLorD Terran - Winner!

Build Orders:  

Get SALT Encoding   

  12  0:00  SCV  
  13  0:12  SCV  
  14  0:17  Supply Depot  
  14  0:24  SCV  
  15  0:39  Barracks  
  15  0:50  Barracks  
  15  0:52  SCV  
  16  1:02  Refinery  
  17  1:04  SCV  
  17  1:16  SCV  
  18  1:26  Marine  
  18  1:28  Orbital Command  
  19  1:36  Supply Depot  
  19  1:37  Marine  
  20  1:43  Marine  
  21  1:49  Bunker  
  21  1:55  Marine  
  21  1:56  Bunker  
  21  1:59  SCV  
  23  2:02  Bunker  
  23  2:04  Marine  
  23  2:08  Bunker  
  24  2:12  Marine  
  24  2:13  SCV  
  26  2:22  Factory  
  26  2:30  SCV  
  26  2:33  Marine  
  26  2:35  Marine  

Tags
 
Add a new tag
Caveats
  • Supply blocks, unpowered buildings, or Contaminate may cause inaccurate times.
  • Supply counts are checked every 10 seconds.